 Dungeon Crawl Stone Soup version 0.20.1-1-g8b1a95d66d (webtiles) character file.

133 JayJay1191 the Skirmisher (level 5, 0/48 HPs)
             Began as a Hill Orc Fighter on Dec 8, 2017.
             Slain by Duvessa
             ... wielding a +0 short sword
              (7 damage)
             ... on level 4 of the Dungeon.
             The game lasted 00:11:47 (2400 turns).

JayJay1191 the Skirmisher (Hill Orc Fighter)        Turns: 2400, Time: 00:11:48

Health: 0/48       AC:  6    Str: 20    XL:     5   Next: 16%
Magic:  5/5        EV:  7    Int:  8    God:
Gold:   211        SH:  9    Dex: 10    Spells: 4/4 levels left

rFire    . . .     SeeInvis .   a - +0 war axe
rCold    . . .     Gourm    .   c - +0 shield
rNeg     . . .     Faith    .   u - +0 scale mail
rPois    .         Spirit   .   (no helmet)
rElec    .         Reflect  .   (no cloak)
rCorr    .         Harm     .   (no gloves)
MR       .....                  (no boots)
Stlth    ..........             l - amulet of magic regeneration
Regen    0.2/turn               j - ring of fire
MPRegen  0.2/turn               m - ring of ice

@: no status effects
A: no striking features
a: no special abilities


You were on level 4 of the Dungeon.
You were not hungry.

You visited 1 branch of the dungeon, and saw 4 of its levels.

You collected 211 gold pieces.

Inventory:

Hand Weapons
 a - a +0 war axe (weapon)
Armour
 b - a +0 scale mail
 c - a +0 shield (worn)
 u - a +0 scale mail (worn)
Jewellery
 j - a ring of fire (left hand)
 l - an amulet of magic regeneration (around neck)
 m - a ring of ice (right hand)
Scrolls
 o - a scroll of teleportation
 p - a scroll of fear {unknown}
 q - a scroll of remove curse
 s - a scroll of blinking {unknown}
Potions
 d - 3 potions of might
 e - a potion of haste {unknown}
 i - 2 potions of curing
 k - a potion of resistance
 r - a potion of mutation
Comestibles
 f - a bread ration
 n - 4 fruits
 t - a meat ration


   Skills:
 - Level 5.1 Fighting
 + Level 4.7 Axes
 - Level 3.2 Armour
 - Level 4.1 Shields


You had 4 spell levels left.
You didn't know any spells.

Dungeon Overview and Level Annotations

Branches:
Dungeon (4/15)
 Temple: D:4-7

Altars:
Nemelex Xobeh
Yredelemnul

Annotations:
D:4 Dowan, Duvessa


Message History

You hit Duvessa.
Duvessa is moderately wounded.
Duvessa hits you with a short sword. You block Duvessa's attack.
You hit Duvessa.
Duvessa is moderately wounded.
Duvessa hits you with a short sword!
* * * LOW HITPOINT WARNING * * *
Duvessa hits you but does no damage.
You hit Duvessa.
Duvessa is heavily wounded.
Duvessa barely misses you.
Dowan says, "Magic and the sword, together, will defeat you."
Duvessa hits you but does no damage.
You closely miss Duvessa.
Duvessa is heavily wounded.
Duvessa barely misses you. You block Duvessa's attack.
You barely miss Duvessa.
Duvessa is heavily wounded.
Duvessa hits you with a short sword!
You die...

##..##.....# #.e##
##### ##..# #..##
##e.# .######..##
.........#
....?....#####.####
..######.ee@.......
#..##.....## #.#
##...####### ..#
#......### ##..
#....##...#### #..#
#.?.#####....####..#
#..### ####...##.#
#..# ###....# ..#
###..#


You could see Duvessa and Dowan.

Vanquished Creatures
  6 adders
  An ooze (D:2)
  2 dart slugs
  2 leopard geckos (D:1)
  6 orcs (D:3)
  3 giant cockroaches
  5 goblins
  6 hobgoblins
  7 jackals
  5 kobolds
  2 quokkas
  7 bats
  2 frilled lizards (D:3)
  4 rats
58 creatures vanquished.

Notes
Turn   | Place    | Note
-------+----------+-------------------------------------------
     0 | D:1      | JayJay1191 the Hill Orc Fighter began the quest for the Orb.
     0 | D:1      | Reached XP level 1. HP: 19/19 MP: 1/1
   119 | D:1      | Reached skill level 4 in Fighting
   123 | D:1      | Reached XP level 2. HP: 20/27 MP: 2/2
   396 | D:1      | Found a sparkling altar of Nemelex Xobeh.
   592 | D:2      | Reached XP level 3. HP: 34/34 MP: 3/3
   734 | D:2      | You fall through a shaft!
   748 | D:3      | Reached skill level 5 in Fighting
   792 | D:3      | Reached XP level 4. HP: 31/42 MP: 4/4
  1771 | D:3      | Found a basalt altar of Yredelemnul.
  1838 | D:3      | Reached XP level 5. HP: 40/48 MP: 5/5
  2370 | D:4      | Noticed Dowan
  2371 | D:4      | Noticed Duvessa
  2400 | D:4      | Slain by Duvessa

Skill      XL: |  1  2  3  4  5 |
---------------+----------------+-----
Axes           | 3 4 |  4.7
Fighting       | 4 5 |  5.1
Shields        | 4 |  4.1
Armour         | |  3.2

Action                   |  1- 3 |  4- 6 || total
-------------------------+-------+-------++-------
Melee: War axe           |    85 |   130 ||   215
  Use: Scroll            |       |     7 ||     7
  Eat: Chunk             |       |     5 ||     5
Armor: Scale mail        |    28 |    82 ||   110
Dodge: Dodged            |    28 |    43 ||    71
Block: Shield            |    48 |    80 ||   128
